cohdb
Replays
Latest Replays
All Replays
Popular Replays
Top Player Replays
Match Explorer
How It Works
Community
CoH3 Stats
Reddit
Sign in to upload your games and track your stats! →
Sign in with Steam
Match 45565946
Unlisted
Match 45565946
Overview
Messages
Build Orders
End
Construct Section Command Post
Royal Engineer Section
Selects Air and Sea Battlegroup
Infantry Section
Infantry Section
Infantry Section
Construct Platoon Command Post
6-pounder Anti-tank Gun Team
Unlock M3 Stuart Light Tanks
Selects Commando Section Paradrop
M3 Stuart Light Tank
Selects Commando Support Section Paradrop
M3 Stuart Light Tank
Commando Support Section Paradrop
6-pounder Anti-tank Gun Team
Commando Section Paradrop
Construct Company Command Post
Angrybirds
CAuMOH
Evelynn
U_U Skidrow uwu BLUE
0
0
Comments
sign in to comment!
No comments posted yet!